 Dungeon Crawl Stone Soup version 0.23.2-1-ga50397a6bc (webtiles) character file.

Game seed: 17342757608712844411

64 Kobolds4U the Sneak (level 3, 0/19 HPs)
             Began as a Deep Elf Conjurer on Apr 23, 2019.
             Slain by a gnoll (7 damage)
             ... on level 2 of the Dungeon.
             The game lasted 00:03:55 (1700 turns).

Kobolds4U the Sneak (Deep Elf Conjurer)             Turns: 1700, Time: 00:03:56

Health: 0/19       AC:  6    Str:  6    XL:     3   Next: 91%
Magic:  5/9        EV: 13    Int: 21    God:
Gold:   90         SH:  0    Dex: 15    Spells: 7/8 levels left

rFire    . . .     SeeInvis .   q - +0 dagger
rCold    . . .     Gourm    .   (no shield)
rNeg     . . .     Faith    .   s - +2 robe {MR+}
rPois    .         Spirit   .   l - +0 helmet
rElec    .         Reflect  .   (no cloak)
rCorr    .         Harm     .   (no gloves)
MR       +....                  i - +0 pair of boots
Stlth    +++.......             (no amulet)
HPRegen  0.06/turn              o - +2 ring of intelligence
MPRegen  0.11/turn              (no ring)

@: no status effects
A: no striking features
a: no special abilities


You were on level 2 of the Dungeon.
You were not hungry.

You visited 1 branch of the dungeon, and saw 2 of its levels.

You collected 90 gold pieces.

Inventory:

Hand Weapons
 q - a +0 dagger (weapon)
Armour
 i - a +0 pair of boots (worn)
 l - a +0 helmet (worn)
 s - a +2 robe of magic resistance (worn)
Jewellery
 o - a +2 ring of intelligence (left hand)
Scrolls
 b - a scroll of blinking {unknown}
 e - a scroll of fog {unknown}
 f - a scroll of amnesia {unknown}
 k - a scroll of enchant armour {unknown}
 r - a scroll of identify {unknown}
Potions
 d - a potion of brilliance {unknown}
 h - 2 potions of agility {unknown}
 j - a potion of curing {unknown}
 m - a potion of haste {unknown}
 n - a potion of invisibility {unknown}
 p - a potion of heal wounds {unknown}
Comestibles
 c - 7 rations
 g - a chunk of flesh


   Skills:
 - Level 2.4 Dodging
 + Level 5.6 Stealth
 - Level 3.0 Spellcasting
 - Level 4.3 Conjurations


You had 7 spell levels left.
You knew the following spells:

 Your Spells              Type           Power        Failure   Level  Hunger
a - Magic Dart            Conj           ###.         2%          1    None

Your spell library contained the following spells:

 Spells                   Type           Power        Failure   Level  Hunger
 Searing Ray              Conj           ###...       3%          2    ##.....
 Dazzling Spray           Conj/Hex       ##....       16%         3    ###....
 Iskenderun's Mystic Bla  Conj           ###.....     22%         4    ####...
 Force Lance              Conj/Tloc      ##......     47%         4    ####...
 Fulminant Prism          Conj/Hex       ##........   47%         4    ####...


Dungeon Overview and Level Annotations

Branches:
Dungeon (2/15)

Altars:


Message History

The magic dart hits the gnoll.
The gnoll is lightly wounded.
Casting: Magic Dart (safe; 2% risk of failure)
Confirm with . or Enter, or press ? or * to list all spells.
Aiming: Magic Dart (safe; 2% risk of failure)
Press: ? - help, Shift-Dir - straight line, f/p - gnoll
Aim: a gnoll (moderately wounded)
The magic dart hits the gnoll.
The gnoll is moderately wounded.
The gnoll hits you with a +0 club. The gnoll hits you but does no damage.
Casting: Magic Dart (safe; 2% risk of failure)
Confirm with . or Enter, or press ? or * to list all spells.
Aiming: Magic Dart (safe; 2% risk of failure)
Press: ? - help, Shift-Dir - straight line, f/p - gnoll
Aim: a gnoll (moderately wounded)
The magic dart hits the gnoll.
The gnoll is severely wounded.
The gnoll hits you with a +0 club. The gnoll hits you with a +0 whip.
The gnoll hits you!
You die...

..#.###.# #.# #.#.....#
#.# #.####### #.# #
#.......#######.# .###
#######.#....##.###....
...##..............#
##.######....##....#
.#.##(.......##....#
[#.##.###....##.@..#
.[.##.#....#.##ggg.#
#####.#.##.#.##....#
##..#.#.##.#.##....#
##..#.#.##...##....#
....#.#.#######....#
##.##.#.# #...[#
#....#.# ######
######.#


You could see 3 gnolls.

Vanquished Creatures
  An adder (D:2)
  2 dart slugs
  A worm (D:2)
  4 leopard geckos (D:2)
  5 bats
  2 giant cockroaches
  5 goblins
  8 hobgoblins
  3 quokkas (D:2)
  4 kobolds (D:1)
  3 rats
38 creatures vanquished.

Notes
Turn   | Place    | Note
-------+----------+-------------------------------------------
     0 | D:1      | Kobolds4U the Deep Elf Conjurer began the quest for the
                  | Orb.
     0 | D:1      | Reached XP level 1. HP: 10/10 MP: 6/6
    98 | D:1      | Reached skill level 3 in Stealth
   467 | D:1      | Reached XP level 2. HP: 12/15 MP: 8/8
   574 | D:1      | Reached skill level 4 in Stealth
  1182 | D:2      | Reached XP level 3. HP: 19/19 MP: 9/9
  1401 | D:2      | Reached skill level 5 in Stealth
  1700 | D:2      | Slain by a gnoll

Skill      XL: |  1  2  3 |
---------------+----------+-----
Stealth        | 3 4 5 |  5.6
Dodging        | |  2.4
Spellcasting   | |  3.0
Conjurations   | |  4.3

Action                   || total
-------------------------++-------
Melee: Short sword       ||    20
       Dagger            ||    29
 Cast: Magic Dart        ||    66
 Stab: Sleeping          ||     9
  Eat: Chunk             ||     2
Armor: Robe              ||    24
Dodge: Dodged            ||    50
